 Dungeon Crawl Stone Soup version 0.31-a0-1589-g8f5e8aebd6 (webtiles) character file.

Game seed: 1685053596223246251

587 MisterAzrael the Grave Robber (level 7, -2/51 HPs)
             Began as a Gnoll Necromancer on Jan 5, 2024.
             Slain by a gnoll
             ... wielding a +0 flail
              (12 damage)
             ... on level 6 of the Dungeon.
             The game lasted 00:07:46 (4675 turns).

MisterAzrael the Grave Robber (Gnoll Necromancer)   Turns: 4675, Time: 00:07:46

Health: -2/51      AC:  2    Str:  7    XL:     7   Next: 38%
Magic:  2/15       EV: 14    Int: 16    God:
Gold:   209        SH:  0    Dex: 13    Spells: 9/17 levels left

rFire   . .          .
                       - Unarmed
rCold   . . .        (no shield)
rNeg    . . .        a - +0 robe
rPois   .            (no helmet)
rElec   .            (no cloak)
rCorr   .            (no gloves)
SInv    .            (no boots)
Will    .....        (no amulet)
Stlth   +++          (no ring)
HPRegen 0.28/turn    (no ring)
MPRegen 0.14/turn

%: no passive effects
@: no status effects
A: fangs 1, strong nose, distributed training
a: no special abilities


You were on level 6 of the Dungeon.
You visited 1 branch of the dungeon, and saw 6 of its levels.

You collected 209 gold pieces.

Inventory:

Missiles
 c - 12 poisoned darts
 n - 2 boomerangs
Armour
 a - a +0 robe (worn)
Scrolls
 e - a scroll of enchant armour {unknown}
 g - a scroll of noise
 j - 2 scrolls of identify
 k - a scroll of enchant weapon
Potions
 b - 2 potions of magic
 d - a potion of curing


   Skills:
 + Level 2.5 Fighting
 + Level 2.5 Short Blades
 + Level 2.5 Long Blades
 + Level 2.5 Axes
 + Level 2.5 Maces & Flails
 + Level 2.5 Polearms
 + Level 2.5 Staves
 + Level 2.5 Ranged Weapons
 + Level 2.5 Throwing
 + Level 2.5 Armour
 + Level 5.3 Dodging
 + Level 4.9 Stealth
 + Level 2.5 Shields
 + Level 2.5 Unarmed Combat
 + Level 5.6 Spellcasting
 + Level 2.1 Conjurations
 + Level 2.1 Hexes
 + Level 2.1 Summonings
 + Level 7.4 Necromancy
 + Level 2.1 Translocations
 + Level 2.1 Fire Magic
 + Level 2.1 Ice Magic
 + Level 2.1 Air Magic
 + Level 2.1 Earth Magic
 + Level 2.1 Alchemy
 + Level 2.8 Invocations
 + Level 2.5 Evocations
 + Level 2.3 Shapeshifting


You had 9 spell levels left.
You knew the following spells:

 Your Spells              Type           Power      Damage    Failure   Level
a - Necrotise             Necr           100%       1d9       1%          1
b - Vampiric Draining     Necr           28%        2d8       1%          3
c - Animate Dead          Necr           28%        N/A       7%          4

Your spell library contained the following spells:

 Spells                   Type           Power      Damage    Failure   Level
 Curse of Agony           Necr           28%        N/A       19%         5


Dungeon Overview and Level Annotations

Branches:
Dungeon (6/15)
 Temple: D:4-7

Altars:
Qazlal

Shops:
D:1 [   D:3 *

Annotations:
D:4 Grinder


Innate Abilities, Weirdness & Mutations

You have very sharp teeth.
Your uncanny sense of smell can sniff out nearby items.
Your experience applies equally to all skills.


Message History

The orc dies!
The gnoll hits your howler monkey skeleton with a +0 flail!
Your howler monkey skeleton hits the gnoll.
The gnoll hits your howler monkey skeleton with a +0 flail.
Your howler monkey skeleton hits the gnoll.
The gnoll hits your howler monkey skeleton with a +0 flail.
Your howler monkey skeleton is destroyed!
The gnoll hits your orc wizard skeleton with a +0 flail!
Your orc wizard skeleton hits the gnoll.
The orc wizard shouts!
The gnoll hits your orc wizard skeleton with a +0 flail!
Your orc wizard skeleton is destroyed!
An orc comes into view. It is wielding a +0 club.
You open the door.
A howler monkey comes into view.
The howler monkey howls!
The orc wizard mumbles some strange words.
The orc wizard flickers and vanishes!
Deactivating autopickup; reactivate with Ctrl-A.
The orc shouts!
Found a sharpened iron wand.
You hear a shout!
The howler monkey hoots and howls with incredible vigour!
You hear a shout! x2
There is an open door here.
You hit the howler monkey. Your bite misses the howler monkey.
The howler monkey is moderately wounded.
The howler monkey barely misses you.
You hit the howler monkey.
The howler monkey is moderately wounded.
The howler monkey hits you!
* * * LOW HITPOINT WARNING * * *
The howler monkey barely misses you. The gnoll attacks as it pursues you!
The gnoll hits you with a +0 flail.
* * * LOW HITPOINT WARNING * * *
The howler monkey hits you.
* * * LOW HITPOINT WARNING * * *
An orc opens the door.
The gnoll attacks as it pursues you! The gnoll hits you with a +0 flail!
You die...

#..####.#
#.....#.# ..
#.o.#..<# ##.
..o.. #)#.# .o
#### #)#####'####
#g##...../.#
#.##.⌠...⌠.# #
#.##.......#
.####.#..'h@.⌠...+
.........#g......#
.........#.⌠...⌠.#
......#.##.......#
#######.#####'####
#.# .# #.# .# #+#
..


You could see a howler monkey, a gnoll and an orc.

Vanquished Creatures
  2 scorpions (D:4)
  A howler monkey (D:6)
  A jelly (D:4)
  2 orc priests
  2 iguanas (D:4)
  Natasha (thrice) (D:3)
  2 orc wizards
  Robin (D:3)
  2 gnolls
  3 adders
  2 dart slugs
  8 orcs
  10 ball pythons
  5 bats
  11 endoplasms
  A giant cockroach (D:2)
  12 goblins
  9 hobgoblins
  4 quokkas
  2 frilled lizards
  A kobold (D:1)
  8 rats
92 creatures vanquished.

Vanquished Creatures (collateral kills)
  2 orcs
  A ball python (D:3)
  A bat (D:1)
  A goblin (D:4)
  A quokka (D:3)
6 creatures vanquished.

Vanquished Creatures (others)
  4 goblin zombies
  4 orc zombies (D:5)
8 creatures vanquished.

Grand Total: 106 creatures vanquished

Notes
Turn   | Place    | Note
-------+----------+-------------------------------------------
     0 | D:1      | MisterAzrael the Gnoll Necromancer began the quest for the
                  | Orb.
     0 | D:1      | Reached XP level 1. HP: 13/13 MP: 6/6
   149 | D:1      | Found Obosk's Armour Emporium.
   340 | D:1      | Reached XP level 2. HP: 19/19 MP: 5/7
   793 | D:1      | Reached skill level 5 in Spellcasting
   793 | D:1      | Reached skill level 1 in Invocations
   793 | D:1      | Reached XP level 3. HP: 11/25 MP: 4/9
   948 | D:1      | Learned a level 3 spell: Vampiric Draining
  1454 | D:2      | Reached skill level 1 in Fighting
  1454 | D:2      | Reached skill level 1 in Short Blades
  1454 | D:2      | Reached skill level 1 in Long Blades
  1454 | D:2      | Reached skill level 1 in Axes
  1454 | D:2      | Reached skill level 1 in Maces & Flails
  1454 | D:2      | Reached skill level 1 in Polearms
  1454 | D:2      | Reached skill level 1 in Staves
  1454 | D:2      | Reached skill level 1 in Ranged Weapons
  1454 | D:2      | Reached skill level 1 in Throwing
  1454 | D:2      | Reached skill level 1 in Armour
  1454 | D:2      | Reached skill level 1 in Shields
  1454 | D:2      | Reached skill level 1 in Unarmed Combat
  1454 | D:2      | Reached skill level 1 in Evocations
  1705 | D:2      | Found a faded altar of an unknown god.
  1823 | D:2      | Reached skill level 1 in Shapeshifting
  1823 | D:2      | Reached XP level 4. HP: 32/32 MP: 9/11
  2283 | D:3      | Reached skill level 1 in Conjurations
  2283 | D:3      | Reached skill level 1 in Hexes
  2283 | D:3      | Reached skill level 1 in Summonings
  2283 | D:3      | Reached skill level 1 in Translocations
  2283 | D:3      | Reached skill level 1 in Fire Magic
  2283 | D:3      | Reached skill level 1 in Ice Magic
  2283 | D:3      | Reached skill level 1 in Air Magic
  2283 | D:3      | Reached skill level 1 in Earth Magic
  2283 | D:3      | Reached skill level 1 in Alchemy
  2409 | D:3      | Noticed Natasha
  2414 | D:3      | Killed Natasha
  2415 | D:3      | Reached XP level 5. HP: 36/37 MP: 2/12
  2421 | D:3      | Learned a level 4 spell: Animate Dead
  2513 | D:3      | Noticed Natasha
  2524 | D:3      | Killed Natasha
  2633 | D:3      | Noticed Natasha
  2644 | D:3      | Killed Natasha
  2750 | D:3      | Found Nenin's General Store.
  2991 | D:3      | Noticed Robin
  3179 | D:3      | Killed Robin
  3180 | D:3      | Reached XP level 6. HP: 43/44 MP: 7/13
  3469 | D:4      | Reached skill level 5 in Dodging
  4089 | D:4      | Noticed Grinder
  4124 | D:4      | Paralysed by Grinder for 4 turns
  4130 | D:4      | Paralysed by Grinder for 3 turns
  4420 | D:4      | Found a stormy altar of Qazlal.
  4454 | D:4      | Reached XP level 7. HP: 51/51 MP: 10/15
  4553 | D:4      | Paralysed by Grinder for 2 turns
  4571 | D:5      | Entered Level 5 of the Dungeon
  4675 | D:6      | Slain by a gnoll

Illustrated notes

Levels and vault maps discovered:
D:1:      dpeg_arrival_tiny_a, layout_basic, serial_shops, nicolae_square_shop
D:2:      layout_loops_corners, chequers_ecumenical_altar_simple
D:3:      layout_basic, serial_shops, nicolae_shop_hallway_plus, st_stairs_3,
          uniq_robin, uniq_natasha
D:4:      corexii_shantytown, layout_basic, marbit_many_paths,
          minmay_stone_trees_small, uniq_grinder
D:5:      layout_loops_ring, minmay_temple_entry_arrows,
          chequers_serial_rivers_micro_d
D:6:      layout_basic, nicolae_dithmenos_the_darkroom, zin_statuary,
          minmay_fountain_box, roderic_roman_lattice

Skill      XL: |  1  2  3  4  5  6  7 |
---------------+----------------------+-----
Spellcasting   | 5 |  5.6
Invocations    | 1 2 |  2.8
Fighting       | 1 2 |  2.5
Short Blades   | 1 2 |  2.5
Long Blades    | 1 2 |  2.5
Axes           | 1 2 |  2.5
Maces & Flails | 1 2 |  2.5
Polearms       | 1 2 |  2.5
Staves         | 1 2 |  2.5
Ranged Weapons | 1 2 |  2.5
Throwing       | 1 2 |  2.5
Armour         | 1 2 |  2.5
Shields        | 1 2 |  2.5
Unarmed Combat | 1 2 |  2.5
Evocations     | 1 2 |  2.5
Shapeshifting  | 1 2 |  2.3
Conjurations   | 1 2 |  2.1
Hexes          | 1 2 |  2.1
Summonings     | 1 2 |  2.1
Translocations | 1 2 |  2.1
Fire Magic     | 1 2 |  2.1
Ice Magic      | 1 2 |  2.1
Air Magic      | 1 2 |  2.1
Earth Magic    | 1 2 |  2.1
Alchemy        | 1 2 |  2.1
Dodging        | 5 |  5.3
Stealth        | |  4.9
Necromancy     | |  7.4

Action                     |  1- 3 |  4- 6 |  7- 9 || total
---------------------------+-------+-------+-------++-------
  Melee: Unarmed           |     3 |     2 |     2 ||     7
   Cast: Necrotise         |    65 |    94 |    22 ||   181
         Vampiric Draining |       |    14 |       ||    14
         Animate Dead      |       |     3 |     1 ||     4
    Use: Scroll            |       |     6 |       ||     6
         Potion            |       |     5 |     1 ||     6
   Stab: Sleeping          |     1 |       |       ||     1
 Armour: Robe              |     6 |    36 |    21 ||    63
  Dodge: Dodged            |    12 |    39 |    13 ||    64

Table legend: (Time is in decaauts)
 A = Elapsed time spent in this place.
 B = Non-inter-level travel time spent in this place.
 C = Inter-level travel time spent in this place.
 D = Time resting spent in this place.
 E = Time spent auto-exploring this place.
 F = Levels seen in this place.
 G = Mean time per level.
                   A        B        C        D        E       F      G
               +--------+--------+--------+--------+--------+-----+--------+
         Total |   4683 |   4599 |     84 |    942 |   2976 |   6 |  780.5 |
       Dungeon |   4683 |   4599 |     84 |    942 |   2976 |   6 |  780.5 |
               +--------+--------+--------+--------+--------+-----+--------+

Top non-repeatable levels by time:
     D:3: 1242 daAuts
     D:2: 1168 daAuts
     D:1: 1157 daAuts
     D:4: 1012 daAuts
     D:6: 71 daAuts
     D:5: 31 daAuts
